| TOP OF THE 1ST |
|
Lexington Legends batting - Pitching for Clinton LumberKings : LHP Geoff Klaas
|
|
Pitching: LHP Geoff Klaas
|
|
|
Batting: LHB Efrem Isaev
|
0-0: Ball 1-0: SINGLE (Groundball, 56, EV 98.8 MPH)
|
|
Batting: RHB Jonas Fernandez
|
0-0: Called Strike Efrem Isaev is caught stealing 2nd base 2-4 0-1: Ball 1-1: Ball 2-1: Foul Ball, location: 2F 2-2: Ball 3-2: Fly out, F9 (Flyball, 89S, EV 90.6 MPH)
|
|
Batting: LHB Edgar Ortiz
|
0-0: Ball 1-0: SINGLE (Line Drive, 8LS, EV 93.1 MPH)
|
|
Batting: RHB Chang-keun Baik
|
0-0: Swinging Strike 0-1: Foul Ball, location: 2F 0-2: Ball 1-2: Strikes out swinging
|
| Top of the 1st over - 0 runs, 2 hits, 0 errors, 1 left on base; Lexington 0 - Clinton 0 |
| BOTTOM OF THE 1ST |
|
Clinton LumberKings batting - Pitching for Lexington Legends : RHP Chance Griffin
|
|
Pitching: RHP Chance Griffin
|
|
|
Batting: RHB Josh Ruhl
|
0-0: Ball 1-0: SINGLE (Groundball, 6S, EV 66.9 MPH) (infield hit)
|
|
Batting: LHB Nick McGraw
|
0-0: Called Strike 0-1: Ball 1-1: Ball 2-1: Grounds into double play, 4-6-3 (Groundball, 4, EV 103.8 MPH)
|
|
Batting: LHB Israel Montoya
|
0-0: Ball 1-0: Ball 2-0: Swinging Strike 2-1: Ball 3-1: Swinging Strike 3-2: Base on Balls
|
|
Batting: LHB Sean Trueblood
|
0-0: Ball Israel Montoya steals 2nd base 1-0: Foul Ball, location: 2F 1-1: Ball 2-1: Foul Ball, location: 2F 2-2: DOUBLE (Line Drive, 78M, EV 93.1 MPH) Israel Montoya scores
|
|
Batting: RHB Heitaro Tanaka
|
0-0: Ball 1-0: Called Strike 1-1: Foul Ball, location: 2F 1-2: Foul Ball, location: 2F 1-2: Strikes out looking
|
| Bottom of the 1st over - 1 run, 2 hits, 0 errors, 1 left on base; Lexington 0 - Clinton 1 |
| TOP OF THE 2ND |
|
Lexington Legends batting - Pitching for Clinton LumberKings : LHP Geoff Klaas
|
|
Batting: RHB David Rubio
|
0-0: Called Strike 0-1: Swinging Strike 0-2: Strikes out swinging
|
|
Batting: LHB Shohei Nishi
|
0-0: Called Strike 0-1: Foul Ball, location: 2F 0-2: Strikes out swinging
|
|
Batting: RHB Ian Hornsby
|
0-0: Swinging Strike 0-1: Ball 1-1: Foul Ball, location: 2F 1-2: Strikes out looking
|
| Top of the 2nd over - 0 runs, 0 hits, 0 errors, 0 left on base; Lexington 0 - Clinton 1 |
| BOTTOM OF THE 2ND |
|
Clinton LumberKings batting - Pitching for Lexington Legends : RHP Chance Griffin
|
|
Batting: RHB Nick Edmunds
|
0-0: Ball 1-0: Foul Ball, location: 2F 1-1: Ball 2-1: Ball 3-1: SINGLE (Line Drive, 34D, EV 100.0 MPH)
|
|
Batting: RHB Tai Joo
|
0-0: Grounds into double play, 4-6-3 (Groundball, 4, EV 83.1 MPH)
|
|
Batting: RHB David Greene
|
0-0: Foul Ball, location: 2F 0-1: Ball 1-1: Ball 2-1: Reached on error, E5 (Groundball, 5S, EV 83.8 MPH)
|
|
Batting: LHB Chang Huie
|
0-0: Ground out 4-3 (Groundball, 4MS, EV 75.6 MPH)
|
| Bottom of the 2nd over - 0 runs, 1 hit, 1 error, 1 left on base; Lexington 0 - Clinton 1 |
| TOP OF THE 3RD |
|
Lexington Legends batting - Pitching for Clinton LumberKings : LHP Geoff Klaas
|
|
Batting: LHB Vicente Hernandez
|
0-0: Ball 1-0: Swinging Strike 1-1: Ball 2-1: Ball 3-1: Base on Balls
|
|
Batting: RHB Trevor Kingston
|
0-0: Ball 1-0: Ball 2-0: Ball 3-0: Called Strike 3-1: Fly out, F4 (Popup, 23, EV 88.8 MPH)
|
|
Batting: LHB Efrem Isaev
|
0-0: Ball 1-0: Grounds into double play, 6-4-3 (Groundball, 6, EV 105.6 MPH)
|
| Top of the 3rd over - 0 runs, 0 hits, 0 errors, 0 left on base; Lexington 0 - Clinton 1 |
| BOTTOM OF THE 3RD |
|
Clinton LumberKings batting - Pitching for Lexington Legends : RHP Chance Griffin
|
|
Batting: RHB Josh Ruhl
|
0-0: Swinging Strike 0-1: Called Strike 0-2: Ball 1-2: Ball 2-2: Ground out 4-3 (Groundball, 4, EV 75.6 MPH)
|
|
Batting: LHB Nick McGraw
|
0-0: Ground out 4-3 (Groundball, 4, EV 84.4 MPH)
|
|
Batting: LHB Israel Montoya
|
0-0: Ball 1-0: Ball 2-0: Ball 3-0: Called Strike 3-1: Fly out, F5 (Popup, 5, EV 80.0 MPH)
|
| Bottom of the 3rd over - 0 runs, 0 hits, 0 errors, 0 left on base; Lexington 0 - Clinton 1 |
| TOP OF THE 4TH |
|
Lexington Legends batting - Pitching for Clinton LumberKings : LHP Geoff Klaas
|
|
Batting: RHB Jonas Fernandez
|
0-0: Ball 1-0: Swinging Strike 1-1: Ground out U3 (Groundball, 34S, EV 82.5 MPH)
|
|
Batting: LHB Edgar Ortiz
|
0-0: Called Strike 0-1: Foul Ball, location: 2F 0-2: Ball 1-2: Ball 2-2: Ground out 4-3 (Groundball, 34D, EV 101.2 MPH)
|
|
Batting: RHB Chang-keun Baik
|
0-0: Ball 1-0: Called Strike 1-1: Foul Ball, location: 2F 1-2: Ball 2-2: Strikes out swinging
|
| Top of the 4th over - 0 runs, 0 hits, 0 errors, 0 left on base; Lexington 0 - Clinton 1 |
| BOTTOM OF THE 4TH |
|
Clinton LumberKings batting - Pitching for Lexington Legends : RHP Chance Griffin
|
|
Batting: LHB Sean Trueblood
|
0-0: Ball 1-0: Foul Ball, location: 2F 1-1: Foul Ball, location: 2F 1-2: Fly out, F8 (Line Drive, 89D, EV 97.5 MPH)
|
|
Batting: RHB Heitaro Tanaka
|
0-0: Ball 1-0: Foul Ball, location: 2F 1-1: Ball 2-1: SOLO HOME RUN (Flyball, 7LD, EV 93.1 MPH), Distance : 368 ft
|
|
Batting: RHB Nick Edmunds
|
0-0: Swinging Strike 0-1: Foul Ball, location: 2F 0-2: SINGLE (Flyball, 89S, EV 92.5 MPH)
|
|
Batting: RHB Tai Joo
|
0-0: Called Strike Nick Edmunds steals 2nd base 0-1: Called Strike 0-2: Ball 1-2: Ball Wild Pitch! Nick Edmunds to third 2-2: Ball 3-2: Ground out 5-3 (Groundball, 56S, EV 90.6 MPH) Nick Edmunds scores
|
|
Batting: RHB David Greene
|
0-0: SINGLE (Groundball, 4MD, EV 103.8 MPH)
|
|
Batting: LHB Chang Huie
|
0-0: Ball David Greene steals 2nd base 1-0: TRIPLE (Flyball, 78XD, EV 111.2 MPH) David Greene scores
|
|
Pinch Runner at 3rd Omar Solis:
|
|
|
Batting: RHB Josh Ruhl
|
0-0: Foul Ball, location: 2F 0-1: Ball 1-1: Foul Ball, location: 2F 1-2: SINGLE (Groundball, 6D, EV 103.8 MPH) Omar Solis scores
|
|
Pitching: RHP Danny Zuniga
|
|
|
Batting: LHB Nick McGraw
|
0-0: Ball 1-0: Ball Josh Ruhl is caught stealing 2nd base 2-6
|
| Bottom of the 4th over - 4 runs, 5 hits, 0 errors, 0 left on base; Lexington 0 - Clinton 5 |
| TOP OF THE 5TH |
|
Lexington Legends batting - Pitching for Clinton LumberKings : LHP Geoff Klaas
|
|
Now at 2B: David Greene
|
|
|
Now at SS: Omar Solis
|
|
|
Batting: RHB David Rubio
|
0-0: Ground out 5-3 (Groundball, 56, EV 88.1 MPH)
|
|
Batting: LHB Shohei Nishi
|
0-0: Called Strike 0-1: Called Strike 0-2: Ground out 3-1 (Groundball, 34S, EV 84.4 MPH)
|
|
Batting: RHB Ian Hornsby
|
0-0: Ball 1-0: Foul Ball, location: 2F 1-1: Called Strike 1-2: Ball 2-2: Foul Ball, location: 2F 2-2: Strikes out swinging, 2-3 out at first.
|
| Top of the 5th over - 0 runs, 0 hits, 0 errors, 0 left on base; Lexington 0 - Clinton 5 |
| BOTTOM OF THE 5TH |
|
Clinton LumberKings batting - Pitching for Lexington Legends : RHP Danny Zuniga
|
|
Batting: LHB Nick McGraw
|
0-0: Swinging Strike 0-1: Called Strike 0-2: Ball 1-2: Ball 2-2: Ball 3-2: Strikes out looking
|
|
Batting: LHB Israel Montoya
|
0-0: Swinging Strike 0-1: Ball 1-1: Foul Ball, location: 2F 1-2: Foul Ball, location: 2F 1-2: Foul Ball, location: 2F 1-2: Fly out, F5 (Popup, 5L, EV 75.0 MPH)
|
|
Batting: LHB Sean Trueblood
|
0-0: Called Strike 0-1: Fly out, F7 (Flyball, 78M, EV 83.1 MPH)
|
| Bottom of the 5th over - 0 runs, 0 hits, 0 errors, 0 left on base; Lexington 0 - Clinton 5 |
| TOP OF THE 6TH |
|
Lexington Legends batting - Pitching for Clinton LumberKings : LHP Geoff Klaas
|
|
Batting: LHB Vicente Hernandez
|
0-0: Ground out U3 (Groundball, 3, EV 100.6 MPH)
|
|
Batting: RHB Trevor Kingston
|
0-0: Ball 1-0: Called Strike 1-1: Ball 2-1: Ball 3-1: Ground out 6-3 (Groundball, 56D, EV 81.9 MPH)
|
|
Batting: LHB Efrem Isaev
|
0-0: Ball 1-0: Ball 2-0: Called Strike 2-1: Called Strike 2-2: Foul Ball, location: 2F 2-2: Foul Ball, location: 2F 2-2: Foul Ball, location: 2F 2-2: Strikes out swinging
|
| Top of the 6th over - 0 runs, 0 hits, 0 errors, 0 left on base; Lexington 0 - Clinton 5 |
| BOTTOM OF THE 6TH |
|
Clinton LumberKings batting - Pitching for Lexington Legends : RHP Danny Zuniga
|
|
Batting: RHB Heitaro Tanaka
|
0-0: Ball 1-0: Called Strike 1-1: Ball 2-1: Ball 3-1: Foul Ball, location: 2F 3-2: Base on Balls
|
|
Batting: RHB Nick Edmunds
|
0-0: Called Strike 0-1: Foul Ball, location: 2F 0-2: Ball 1-2: Ball 2-2: Foul Ball, location: 2F 2-2: Strikes out swinging
|
|
Pitching: RHP Jordan Viveros
|
|
|
Batting: RHB Tai Joo
|
0-0: Ball 1-0: SINGLE (Flyball, 34D, EV 93.1 MPH) Heitaro Tanaka to second
|
|
Batting: RHB David Greene
|
0-0: Swinging Strike 0-1: Swinging Strike 0-2: Strikes out swinging
|
|
Batting: RHB Omar Solis
|
0-0: Called Strike 0-1: Foul Ball, location: 2F 0-2: Foul Ball, location: 2F 0-2: Foul Ball, location: 2F 0-2: Strikes out looking
|
| Bottom of the 6th over - 0 runs, 1 hit, 0 errors, 2 left on base; Lexington 0 - Clinton 5 |
| TOP OF THE 7TH |
|
Lexington Legends batting - Pitching for Clinton LumberKings : LHP Geoff Klaas
|
|
Batting: RHB Jonas Fernandez
|
0-0: Ball 1-0: Ball 2-0: Swinging Strike 2-1: Fly out, F8 (Flyball, 89M, EV 83.1 MPH)
|
|
Batting: LHB Edgar Ortiz
|
0-0: Ball 1-0: Swinging Strike 1-1: Called Strike 1-2: Ball 2-2: Strikes out swinging
|
|
Batting: RHB Chang-keun Baik
|
0-0: Ball 1-0: Called Strike 1-1: Ball 2-1: Ball 3-1: Base on Balls
|
|
Pitching: RHP Rickey DuMire
|
|
|
Batting: RHB David Rubio
|
0-0: Foul Ball, location: 2F 0-1: Foul Ball, location: 2F 0-2: Ball 1-2: DOUBLE (Line Drive, 7LM, EV 112.5 MPH) Chang-keun Baik to third
|
|
Batting: LHB Shohei Nishi
|
0-0: Fly out, F9 (Flyball, 9LD, EV 96.2 MPH)
|
| Top of the 7th over - 0 runs, 1 hit, 0 errors, 2 left on base; Lexington 0 - Clinton 5 |
| BOTTOM OF THE 7TH |
|
Clinton LumberKings batting - Pitching for Lexington Legends : RHP Jordan Viveros
|
|
Batting: RHB Josh Ruhl
|
0-0: Called Strike 0-1: Ball 1-1: Ball 2-1: SINGLE (Groundball, 6S, EV 66.9 MPH) (infield hit)
|
|
Batting: LHB Nick McGraw
|
0-0: Ball 1-0: Called Strike Josh Ruhl is caught stealing 2nd base 2-6 1-1: Ball 2-1: Foul Ball, location: 2F 2-2: Fly out, F6 (Popup, 6MS, EV 60.6 MPH)
|
|
Batting: LHB Israel Montoya
|
0-0: Swinging Strike 0-1: Fly out, F8 (Flyball, 78D, EV 99.4 MPH)
|
| Bottom of the 7th over - 0 runs, 1 hit, 0 errors, 0 left on base; Lexington 0 - Clinton 5 |
| TOP OF THE 8TH |
|
Lexington Legends batting - Pitching for Clinton LumberKings : RHP Rickey DuMire
|
|
Batting: RHB Ian Hornsby
|
0-0: Called Strike 0-1: Ball 1-1: Called Strike 1-2: SINGLE (Groundball, 56D, EV 99.4 MPH)
|
|
Batting: LHB Vicente Hernandez
|
0-0: Ball 1-0: Called Strike 1-1: Ball 2-1: Foul Ball, location: 2F 2-2: Fly out, F8 (Flyball, 8RS, EV 90.0 MPH)
|
|
Batting: RHB Trevor Kingston
|
0-0: Grounds into double play, 6-4-3 (Groundball, 6, EV 86.2 MPH)
|
| Top of the 8th over - 0 runs, 1 hit, 0 errors, 0 left on base; Lexington 0 - Clinton 5 |
| BOTTOM OF THE 8TH |
|
Clinton LumberKings batting - Pitching for Lexington Legends : RHP Jordan Viveros
|
|
Batting: LHB Sean Trueblood
|
0-0: Ball 1-0: Called Strike 1-1: Ball 2-1: Called Strike 2-2: Ball 3-2: Base on Balls
|
|
Pitching: RHP Justin Potts
|
|
|
Batting: RHB Heitaro Tanaka
|
0-0: Called Strike 0-1: Ball 1-1: SINGLE (Groundball, 6MD, EV 93.8 MPH) Sean Trueblood to second
|
|
Batting: RHB Nick Edmunds
|
0-0: Ball 1-0: Bunted foul 1-1: Bunted foul 1-2: Strikes out swinging
|
|
Batting: RHB Tai Joo
|
0-0: Ball 1-0: Grounds into double play, 4-6-3 (Groundball, 4, EV 85.0 MPH)
|
| Bottom of the 8th over - 0 runs, 1 hit, 0 errors, 1 left on base; Lexington 0 - Clinton 5 |
| TOP OF THE 9TH |
|
Lexington Legends batting - Pitching for Clinton LumberKings : RHP Rickey DuMire
|
|
Batting: LHB Efrem Isaev
|
0-0: Ball 1-0: Called Strike 1-1: Foul Ball, location: 2F 1-2: SINGLE (Groundball, 6D, EV 103.8 MPH)
|
|
Batting: RHB Jonas Fernandez
|
0-0: Grounds into double play, 1-6-3 (Groundball, 13, EV 70.0 MPH)
|
|
Batting: LHB Edgar Ortiz
|
0-0: Called Strike 0-1: Ball 1-1: Foul Ball, location: 2F 1-2: SINGLE (Groundball, 25, EV 71.9 MPH) (infield hit)
|
|
Batting: RHB Chang-keun Baik
|
0-0: Ball 1-0: Called Strike 1-1: Called Strike 1-2: Ball 2-2: Ground out 4-3 (Groundball, 4, EV 94.4 MPH)
|
| Top of the 9th over - 0 runs, 2 hits, 0 errors, 1 left on base; Lexington 0 - Clinton 5 |
|